Map: Romanticide LE

Players

Trap - Winner!

  • Race: Protoss Protoss

Has

  • Race: Protoss Protoss

Event: DreamHack SC2 Masters 2021 Fall

VOD

Have the link to the VOD?

Description

Time

  • Played on: Sept. 10, 2021, 1:15 p.m.
  • Length: 9:37

All games in this series

Show
View Real Time Build Order
Export as new Build Order

Trap Protoss - Winner!

Build Orders: Phoenix Opening 

Get SALT Encoding   

  12  0:00  Probe  
  13  0:12  Probe  
  14  0:18  Pylon  
  14  0:24  Probe (Chrono Boost)  
  15  0:36  Probe (Chrono Boost)  
  15  0:38  Gateway  
  16  0:45  Probe (Chrono Boost)  
  17  0:50  Probe  
  17  0:54  Assimilator  
  18  1:03  Probe (Chrono Boost)  
  19  1:05  Assimilator  
  19  1:13  Gateway, Probe (Chrono Boost)  
  19  1:18  Probe (Chrono Boost)  
  20  1:25  Cybernetics Core  
  21  1:29  Probe  
  22  1:35  Pylon  
  22  1:41  Probe  
  23  1:53  Probe  
  24  2:01  Warp Gate, Stalker  
  24  2:03  Sentry  
  28  2:09  Pylon  
  28  2:23  Pylon  
  28  2:29  Stalker  
  30  2:31  Stalker  
  32  2:49  Probe  
  32  2:51  Phoenix  
  33  2:55  Robotics Facility  
  33  3:03  Sentry  
  35  3:06  Nexus  
  35  3:12  Shield Battery  
  34  3:17  Probe  
  35  3:22  Pylon  
  35  3:23  Sentry  
  37  3:33  Probe  
  38  3:39  Warp Prism (Chrono Boost)  
  38  3:45  Probe  
  41  3:58  Probe  
  42  4:04  Stalker x2  
  46  4:10  Probe  
  47  4:24  Immortal (Chrono Boost)  
  51  4:26  Probe (Chrono Boost)  
  51  4:28  Probe (Chrono Boost)  
  54  4:38  Probe (Chrono Boost)  
  54  4:40  Probe (Chrono Boost)  
  54  4:42  Adept  
  54  4:43  Adept  
  60  4:46  Probe (Chrono Boost)  
  60  4:51  Pylon  
  60  4:54  Shield Battery  
  60  5:09  Immortal  
  60  5:11  Probe x2  
  66  5:15  Twilight Council  
  64  5:26  Stalker  
  64  5:27  Stalker  
  66  5:31  Probe x2  
  64  5:39  Gateway  
  64  5:42  Forge  
  64  5:44  Probe  
  64  5:47  Pylon  
  64  5:48  Observer  
  67  5:50  Blink (Chrono Boost)  
  67  5:54  Adept x2  
  70  6:05  Probe  
  70  6:06  Assimilator, Probe  
  70  6:11  Protoss Ground Weapons Level 1 (Chrono Boost)  
  72  6:15  Gateway  
  72  6:17  Pylon  
  72  6:26  Stalker  
  74  6:42  Immortal  
  78  6:48  Shield Battery  
  78  6:53  Stalker  
  78  6:56  Pylon  
  78  7:00  Pylon  
  76  7:01  Adept x2  
  76  7:06  Gateway  
  80  7:10  Probe x2  
  80  7:11  Gateway  
  82  7:16  Pylon  
  82  7:19  Stalker x2  
  85  7:27  Immortal  
  89  7:46  Nexus  
  89  7:47  Pylon  
  89  7:54  Stalker x2  
  93  7:58  Probe x2  
  95  8:05  Shield Battery  
  95  8:07  Shield Battery  
  95  8:13  Probe x2 (Chrono Boost)  
  97  8:22  Observer  
  97  8:24  Probe x2 (Chrono Boost)  
  99  8:29  Probe x2 (Chrono Boost)  
  99  8:31  Stalker x2  
  99  8:33  Stalker x2  
  109  8:38  Pylon  
  109  8:42  Pylon  
  109  9:02  Stalker x4  
  113  9:03  Stalker  
  113  9:06  Stalker  
  121  9:25  Stalker x2  
  121  9:26  Stalker x2  
  121  9:27  Stalker  
Show
View Real Time Build Order
Export as new Build Order

Has Protoss 

Build Orders: Blink Stalkers 

Get SALT Encoding   

  12  0:00  Probe  
  13  0:12  Probe  
  14  0:17  Pylon  
  14  0:24  Probe (Chrono Boost)  
  16  0:36  Probe (Chrono Boost)  
  16  0:37  Gateway  
  16  0:41  Probe (Chrono Boost)  
  16  0:46  Assimilator  
  17  0:53  Probe (Chrono Boost)  
  17  0:54  Assimilator  
  18  1:05  Probe (Chrono Boost)  
  18  1:09  Gateway  
  19  1:13  Probe (Chrono Boost)  
  20  1:19  Probe  
  20  1:24  Cybernetics Core  
  21  1:29  Pylon  
  21  1:32  Probe  
  22  1:44  Probe  
  23  1:56  Probe  
  23  2:00  Stalker  
  23  2:01  Stalker  
  28  2:04  Warp Gate  
  28  2:08  Probe  
  28  2:11  Pylon  
  29  2:20  Probe  
  30  2:26  Pylon  
  30  2:32  Stalker  
  30  2:34  Stalker  
  34  2:44  Twilight Council  
  34  3:09  Nexus  
  34  3:13  Probe  
  34  3:16  Blink (Chrono Boost)  
  35  3:27  Pylon  
  35  3:30  Probe (Chrono Boost)  
  36  3:43  Probe (Chrono Boost)  
  36  3:46  Forge  
  37  3:50  Probe (Chrono Boost)  
  37  3:55  Pylon  
  38  3:57  Probe  
  39  4:08  Stalker  
  39  4:09  Stalker  
  43  4:19  Gateway  
  43  4:20  Protoss Ground Weapons Level 1 (Chrono Boost)  
  45  4:33  Stalker  
  45  4:36  Stalker  
  47  4:40  Probe  
  47  4:42  Probe  
  49  4:52  Probe  
  50  4:54  Probe  
  50  4:59  Stalker x2  
  55  5:04  Probe  
  55  5:05  Charge  
  56  5:07  Probe  
  56  5:13  Stalker  
  59  5:16  Probe  
  58  5:22  Stalker x2  
  58  5:24  Probe (Chrono Boost)  
  54  5:34  Probe (Chrono Boost)  
  53  5:36  Probe (Chrono Boost)  
  53  5:41  Probe (Chrono Boost)  
  53  5:42  Probe (Chrono Boost)  
  55  5:43  Gateway  
  55  5:46  Gateway  
  55  5:50  Probe  
  55  5:53  Pylon  
  55  5:56  Probe  
  57  6:02  Probe  
  58  6:14  Nexus  
  58  6:19  Pylon  
  58  6:20  Probe x2  
  60  6:26  Zealot x2  
  60  6:29  Pylon  
  64  6:38  Stalker x2  
  64  6:47  Stalker  
  64  6:49  Probe  
  64  6:52  Probe  
  67  7:01  Zealot x3  
  71  7:05  Protoss Ground Weapons Level 2 (Chrono Boost)  
  71  7:07  Probe  
  74  7:08  Probe  
  74  7:11  Pylon  
  75  7:19  Probe  
  75  7:20  Probe  
  77  7:26  Pylon  
  77  7:31  Probe  
  77  7:33  Probe  
  79  7:39  Assimilator  
  79  7:41  Assimilator  
  79  7:43  Probe  
  80  7:46  Stalker x2  
  80  7:50  Probe  
  85  7:54  Gateway  
  85  7:56  Gateway  
  85  7:58  Pylon  
  85  8:02  Templar Archives  
  85  8:05  Probe x3 (Chrono Boost)  
  88  8:09  Pylon  
  88  8:14  Probe x3 (Chrono Boost)  
  88  8:16  Robotics Facility  
  88  8:19  Probe (Chrono Boost)  
  91  8:21  Sentry  
  91  8:23  Probe  
  91  8:24  Probe  
  96  8:29  Pylon  
  96  8:31  Probe  
  97  8:36  Zealot  
  97  8:37  Zealot  
  97  8:38  Zealot  
  97  8:41  Pylon  
  103  8:47  Probe  
  103  8:48  Probe  
  106  9:02  High Templar x2  
  109  9:03  Zealot x4  
  109  9:06  Archon  
  109  9:07  Observer (Chrono Boost)  
  111  9:24  Zealot x4  

Tags
 
Add a new tag
Caveats
  • Supply blocks, unpowered buildings, or Contaminate may cause inaccurate times.
  • Supply counts are checked every 10 seconds.